 Dungeon Crawl Stone Soup version 0.24-a0-160-gfa3a8d6 (webtiles) character file.

Game seed: 18364414671638044314

95 Lanoc the Digger (level 4, -6/40 HPs)
             Began as an Octopode Earth Elementalist on Mar 5, 2019.
             Killed from afar by an orc wizard (7 damage)
             ... with a magic dart
             ... on level 2 of the Dungeon.
             The game lasted 00:04:18 (1453 turns).

Lanoc the Digger (Octopode Earth Elementalist)      Turns: 1453, Time: 00:04:19

Health: -6/40      AC: 22    Str:  9    XL:     4   Next: 65%
Magic:  3/8        EV:  2    Int: 18    God:
Gold:   38         SH:  0    Dex: 12    Spells: 5/8 levels left

rFire    + . .     SeeInvis .   (no weapon)
rCold    . . .     Gourm    .   (no shield)
rNeg     + + +     Faith    .   (helmet currently unavailable)
rPois    +         Spirit   .   (no amulet)
rElec    .         Reflect  .   a - ring of protection from fire
rCorr    .         Harm     .   (no ring)
MR       .....     NoTele   +   (no ring)
Stlth    ++........             (no ring)
HPRegen  0.13/turn              (no ring)
MPRegen  0.11/turn              (no ring)
                                (no ring)
                                (no ring)

@: tree-form
A: almost no armour, stealthy swim, (amphibious), 8 rings, (constrict 8),
repulsion field 1, strong 1, subdued magic 1
a: no special abilities


You were on level 2 of the Dungeon.
You were not hungry.
You were a tree.
You visited 1 branch of the dungeon, and saw 2 of its levels.

You collected 38 gold pieces.

Inventory:

Missiles
 b - 87 stones (quivered)
Jewellery
 a - a ring of protection from fire (left branch)
Scrolls
 e - 2 scrolls of identify {unknown}
 f - a scroll of magic mapping {unknown}
 g - a scroll of teleportation {unknown}
 i - a scroll of amnesia {unknown}
 j - 2 scrolls of remove curse {unknown}
Comestibles
 c - 4 rations
 d - a chunk of flesh


   Skills:
 + Level 2.8 Dodging
 - Level 3.0 Stealth
 + Level 2.7 Spellcasting
 - Level 1.0 Transmutations
 * Level 4.2 Earth Magic


You had 5 spell levels left.
You knew the following spells:

 Your Spells              Type           Power        Failure   Level  Hunger
a - Sandblast             Erth           ##....       2%          1    #......
b - Passwall              Tmut/Erth      #.......     7%          2    ##.....

Your spell library contained the following spells:

 Spells                   Type           Power        Failure   Level  Hunger
 Stone Arrow              Conj/Erth      #.....       19%         3    ###....
 Petrify                  Tmut/Erth      #.......     45%         4    #####..
 Lee's Rapid Deconstruct  Erth           ##........   58%         5    ######.


Dungeon Overview and Level Annotations

Branches:
Dungeon (2/15)

Altars:


Innate Abilities, Weirdness & Mutations

You cannot wear most types of armour.
You are very stealthy in the water. (Stealth+)
((You are amphibious.))
You can wear up to eight rings at the same time.
((You can use your tentacles to constrict eight enemies at once.))
((Your skin changes colour to match your surroundings (Stealth+).))
((Your rubbery body absorbs attacks. (AC +1, EV +1)))
You are surrounded by a mild repulsion field. (EV +2)
Your muscles are strong. (Str +2)
Your spells are a little easier to cast, but a little less powerful.


Message History

Casting: Sandblast (safe; 2% risk of failure)
Confirm with . or Enter, or press ? or * to list all spells.
Aiming: Sandblast (safe; 2% risk of failure)
Press: ? - help, Shift-Dir - straight line, f/p - orc priest
Aim: an orc priest, wearing a +0 ring mail (moderately wounded)
The blast of sand hits the orc priest but does no damage.
The orc priest is moderately wounded.
b - 87 stones The orc wizard points at you and mumbles some strange words.
The magic dart hits you.
The orc priest calls down the wrath of Beogh upon you.
Beogh smites you!
Ouch! That really hurt!
* * * LOW HITPOINT WARNING * * *
Really quaff the potion of lignification?
You turn into a tree.
Your roots penetrate the ground.
The orc priest looks braver for a moment.
The orc wizard gestures at you while chanting.
The magic dart hits you!
You die...

#. ....♣♣.P#.♣♣♣
###.### o...P♣..#♣♣♣.
.....# oo...♣♣P#♣.P.
#.... ....P.PP#♣♣..
#.#.###...?.♣P.#....
#.#.o.oo........♣.♣♣
######.#o#####...###
#... .......#.# ## ##<.
###..)♣# #.. #.....o#
##.
#.#....###############.
# ##.#.............†...
#.######.#####.####. #.
#.# #...# #. #. #.#
#.#.# #. #. #.##♣.P♣#
#. #. #.#♣..PP♣♣♣#.


You could see 2 orc priests and an orc wizard.

Vanquished Creatures
  4 gnolls (D:2)
  An adder (D:2)
  2 leopard geckos (D:1)
  An orc (D:2)
  A ball python (D:1)
  3 giant cockroaches
  3 hobgoblins (D:1)
  9 jackals (D:1)
  3 bats
  A frilled lizard (D:1)
  6 goblins
  3 kobolds
  7 rats
44 creatures vanquished.

Notes
Turn   | Place    | Note
-------+----------+-------------------------------------------
     0 | D:1      | Lanoc the Octopode Earth Elementalist began the quest for
                  | the Orb.
     0 | D:1      | Reached XP level 1. HP: 11/11 MP: 3/3
   153 | D:1      | Reached XP level 2. HP: 16/17 MP: 3/5
   393 | D:1      | Reached XP level 3. HP: 5/21 MP: 1/6
  1218 | D:2      | Reached XP level 4. HP: 27/27 MP: 2/7
  1220 | D:2      | Reached skill level 4 in Earth Magic
  1250 | D:2      | Gained mutation: Your spells are a little easier to cast,
                  | but a little less powerful. [potion of mutation]
  1250 | D:2      | Gained mutation: You are surrounded by a mild repulsion
                  | field. (EV +2) [potion of mutation]
  1250 | D:2      | Gained mutation: Your muscles are strong. (Str +2) [potion
                  | of mutation]
  1395 | D:2      | Learned a level 2 spell: Passwall
  1452 | D:2      | HP: 1/27 [orc priest/divine providence (14)]
  1453 | D:2      | Killed from afar by an orc wizard

Levels and vault maps discovered:
D:1:      dpeg_arrival_chase, layout_basic, minmay_tiny_reverse_x
D:2:      layout_loops_ring, first_ration, serial_forest,
          infiniplex_forest_lined_room_2, infiniplex_forest_clump_long,
          infiniplex_forest_diagonal, infiniplex_forest_end_double,
          infiniplex_forest_clump_curved, infiniplex_forest_side_room,
          corexii_corridor_pit, kennysheep_generic_room_12

Skill      XL: |  1  2  3  4 |
---------------+-------------+-----
Stealth        | 3 |  3.0
Earth Magic    | 4 |  4.2
Dodging        | |  2.8
Spellcasting   | |  2.7
Transmutations | |  1.0

Action                   |  1- 3 |  4- 6 || total
-------------------------+-------+-------++-------
Melee: Unarmed           |    25 |     6 ||    31
       Constrict         |     8 |       ||     8
       Tentacles         |     2 |       ||     2
 Cast: Sandblast         |    48 |    16 ||    64
  Use: Potion            |       |     4 ||     4
  Eat: Chunk             |     1 |     1 ||     2
Armor: Skin              |     3 |     4 ||     7
Dodge: Dodged            |    40 |     7 ||    47

Table legend:
 A = Non-vault XP
 B = Vault XP
 C = Vault XP percentage of total XP
 D = Non-vault monster count
 E = Vault monster count
 F = Vault count percentage of total count
                 A         B        C        D         E       F
            +---------+---------+-------+---------+---------+-------
      Total |     134 |       2 |   1.5 |      42 |       2 |   4.5
            +---------+---------+-------+---------+---------+-------
        D:1 |      47 |       2 |   4.1 |      26 |       2 |   7.1
        D:2 |      87 |       0 |   0.0 |      16 |       0 |   0.0
            +---------+---------+-------+---------+---------+-------
